 Dungeon Crawl Stone Soup version 0.30-a0-297-g0ec75d9ef4 (webtiles) character file.

Game seed: 14813151923642581386

28638 purpskrrrp the Wrestler (level 13, -8/99 HPs)
             Began as a Troll Fighter on Oct 19, 2022.
             Was an Elder of Hepliaklqana.
             Mangled by a fire elemental (14 damage)
             ... summoned by a deep elf pyromancer
             ... on level 14 of the Dungeon.
             The game lasted 00:27:41 (11614 turns).

purpskrrrp the Wrestler (Troll Fighter)            Turns: 11614, Time: 00:27:42

Health: -8/99      AC: 16    Str: 31    XL:     13   Next: 10%
Magic:  12/12      EV:  8    Int:  4    God:    Hepliaklqana [****..]
Gold:   866        SH:  8    Dex:  9    Spells: 12/12 levels left

rFire   . . .      SeeInvis .      - Unarmed
rCold   . . .      Faith    .    b - +1 kite shield
rNeg    . . .      Spirit   .    J - +3 troll leather armour {Snorg}
rPois   .          Reflect  .    (helmet restricted)
rElec   .          Harm     .    u - +2 cloak
rCorr   .          Rampage  .    (gloves unavailable)
Will    .....                    (boots unavailable)
Stlth   +.........               d - amulet of regeneration
HPRegen 2.76/turn                k - +4 ring of protection
MPRegen 0.13/turn                o - ring of wizardry

@: about to teleport, studying Invocations
A: reduced essence, large, unfitting armour, claws 3, regeneration 1, shaggy fur
1, tough skin 1
a: Renounce Religion, Recall Ancestor, Ancestor Identity, Transference, Idealise


You were on level 14 of the Dungeon.
You worshipped Hepliaklqana.
Hepliaklqana was greatly pleased with you.
You visited 2 branches of the dungeon, and saw 15 of its levels.

You collected 963 gold pieces.
You spent 97 gold pieces at shops.

Inventory:

Hand Weapons
 N - a +7 dagger of venom
Missiles
 j - 2 throwing nets
 F - 13 large rocks
Armour
 a - a +0 robe
 b - a +1 kite shield (worn)
 u - a +2 cloak (worn)
 D - +0 steam dragon scales
 J - a +3 troll leather armour (worn) {Snorg}
Jewellery
 d - an amulet of regeneration (around neck)
 i - an amulet of magic regeneration
 k - a +4 ring of protection (left claw)
 o - a ring of wizardry (right claw)
 q - a ring of magical power
 y - a +6 ring of intelligence
Wands
 C - a wand of digging (8)
 G - a wand of roots (2)
 H - a wand of mindburst (18)
 P - a wand of charming (7)
Scrolls
 e - 5 scrolls of poison
 f - a scroll of enchant armour
 l - a scroll of teleportation
 I - 4 scrolls of identify
 K - a scroll of brand weapon
 L - a scroll of amnesia
Potions
 c - 2 potions of might
 g - a potion of magic
 h - 2 potions of attraction
 m - a potion of brilliance
 n - 2 potions of lignification
 p - 2 potions of invisibility {unknown}
 r - a potion of berserk rage {unknown}
 s - 3 potions of mutation
 t - 3 potions of flight
 v - 7 potions of curing
 x - 2 potions of cancellation {unknown}
 z - 2 potions of heal wounds {unknown}
 B - a potion of haste
 E - a potion of resistance {unknown}


   Skills:
 - Level 2.4 Fighting
 - Level 2.4 Dodging
 - Level 2.6 Shields
 + Level 21.6 Unarmed Combat


You had 12 spell levels left.
You didn't know any spells.
Your spell library contained the following spells:

 Spells                   Type           Power      Damage    Failure   Level
 Sting                    Tmut/Pois      0%         1d3       50%         1
 Blink                    Tloc           0%         N/A       65%         2
 Ensorcelled Hibernation  Hex/Ice        0%         N/A       65%         2
 Passwall                 Tmut/Erth      0%         N/A       65%         2
 Poisonous Vapours        Pois/Air       0%         N/A       65%         2
 Static Discharge         Conj/Air       0%         2-2/arc   65%         2
 Call Canine Familiar     Summ           0%         N/A       86%         3
 Dazzling Flash           Conj/Hex       0%         N/A       86%         3
 Portal Projectile        Hex/Tloc       0%         N/A       86%         3
 Spider Form              Tmut/Pois      0%         N/A       86%         3
 Swiftness                Air            0%         N/A       86%         3
 Vhi's Electric Charge    Tloc/Air       0%         N/A       86%         3
 Anguish                  Hex/Necr       0%         N/A       99%         4
 Animate Dead             Necr           0%         N/A       99%         4
 Iskenderun's Mystic Bla  Conj/Tloc      0%         2d3       99%         4
 Leda's Liquefaction      Hex/Erth       0%         N/A       99%         4
 Manifold Assault         Tloc           0%         N/A       99%         4
 Olgreb's Toxic Radiance  Pois           0%         N/A       99%         4
 Arcjolt                  Conj/Air       0%         1d10      100%        5
 Lightning Bolt           Conj/Air       0%         1d11      100%        5
 Starburst                Conj/Fire      0%         6d3       100%        6
 Haunt                    Necr/Summ      0%         N/A       100%        7
 Storm Form               Tmut/Air       0%         N/A       100%        7
 Infestation              Necr           0%         N/A       100%        8


Dungeon Overview and Level Annotations

Branches:
Dungeon (14/15)            Temple (1/1) D:6            Lair (0/5) D:9
    Orc (0/2) D:10         Vaults (0/5) D:13

Altars:
Ashenzari
Cheibriados
Dithmenos
Elyvilon
Fedhas
Gozag
Hepliaklqana
Kikubaaqudgha
Makhleb
Nemelex Xobeh
Okawaru
Qazlal
Ru
Sif Muna
Trog
Uskayaw
Vehumet
Wu Jian
Xom
Yredelemnul
Zin
The Shining One

Shops:
D:5 ?   D:7 (   D:11 *


Innate Abilities, Weirdness & Mutations

Your life essence is reduced to manifest your ancestor. (-10% HP)
You are too large for most types of armour.
You have claws for hands.
Your natural rate of healing is unusually fast.
You are covered in fur. (AC +1)
You have tough skin. (AC +1)


Message History

The purple ugly thing looks frightened!
The cyan ugly thing resists with some effort.
The purple ugly thing looks frightened!
The deep elf pyromancer looks frightened!
The boggart looks frightened! x2
The boggart gestures wildly while chanting.
The boggart blinks!
The fire elemental hits you. The fire elemental burns you!
The deep elf pyromancer gestures wildly while chanting.
The deep elf pyromancer blinks!
The fire elemental hits you. The fire elemental burns you!
The boggart mumbles some strange words.
The boggart blinks!
The deep elf pyromancer gestures wildly while chanting.
The deep elf pyromancer blinks!
The boggart gestures wildly while chanting.
The boggart flickers and vanishes!
Deactivating autopickup; reactivate with Ctrl-A.
You block the cyan ugly thing's attack. The fire elemental closely misses you.
As you read the scroll of teleportation, it crumbles to dust.
You feel strangely unstable.
The boggart casts a spell.
The boggart flickers and vanishes!
The deep elf pyromancer mumbles some strange words.
The deep elf pyromancer blinks!
The fire elemental hits you. The fire elemental burns you!
* * * LOW HITPOINT WARNING * * *
You block the fire elemental's attack. The cyan ugly thing stings you!
* * * LOW HITPOINT WARNING * * *
The cyan ugly thing shocks you!
* * * LOW HITPOINT WARNING * * *
Okay, then.
Okay, then.
Okay, then.
Okay, then.
Okay, then.
Okay, then.
As you read the scroll of butterflies, it crumbles to dust.
You hear the tinkle of a tiny bell.
You block the fire elemental's attack. The fire elemental hits you.
The fire elemental burns you!
You die...

#....### ..# #......
..
.#######.....##.####
.....b..............
.....bbb.........
....bb.ebb..........
....bbbbbbbb........
..bbbbbbbbb.b.......
...b.bu@bbbb........
....bbEEbb.§b.......
..:..bb###bC../.....
...ub.b #[........?
#####b. #....#####
#u. ##...§# #..
..... ##. ..g. #.


You could see 3 ugly things, a cyclops (summoned, fleeing, ally target), a deep
elf pyromancer (fleeing, ally target), 2 fire elementals and a centaur (fleeing,
ally target).

Vanquished Creatures
  The ghost of Haenaira the Fighter, a journeyman DjCj of Makhleb (D:13)
  Nessos (D:13)
  Snorg (D:11)
  2 boulder beetles (D:13)
  5 centaur warriors
  An orc knight (D:13)
  6 deep elf pyromancers
  2 cyclopes
  4 ugly things
  Joseph (D:7)
  A gargoyle (D:11)
  An unseen horror (D:11)
  A kobold demonologist (D:12)
  Prince Ribbit (D:6)
  Sigmund (D:6)
  A shadow (D:10)
  2 wyverns
  26 yaks
  3 steam dragons
  A warg (D:10)
  6 vampire mosquitoes
  Menkaure (D:5)
  2 acid dragons
  3 water moccasins
  An orc warrior (D:10)
  3 sky beasts (D:7)
  An ice beast (D:8)
  A black bear (D:6)
  An ogre (D:7)
  4 centaurs
  4 kobold brigands
  4 bullfrogs
  A necrophage (D:6)
  3 scorpions
  8 wights
  8 killer bees
  3 electric eels (D:9)
  2 vampire bats (D:3)
  7 howler monkeys
  3 jellies
  3 hounds
  A gnoll bouda (D:5)
  6 orc priests
  Crazy Yiuf (D:3)
  3 iguanas
  Ijyb (D:3)
  7 orc wizards
  9 gnolls (D:5)
  6 adders
  3 shadow imps
  3 white imps
  A worm (D:2)
  4 dart slugs
  34 orcs
  3 endoplasms
  2 giant cockroaches
  10 goblins
  3 hobgoblins
  4 jackals (D:2)
  3 kobolds
  5 quokkas
  6 ball pythons
  13 bats
  6 frilled lizards (D:2)
  5 rats
270 creatures vanquished.

Vanquished Creatures (collateral kills)
  A tengu warrior (D:13)
  A two-headed ogre (D:10)
  A shock serpent (shapeshifter) (D:12)
  A deep elf knight (D:13)
  A manticore (D:12)
  A cyclops (D:11)
  Maurice (D:13)
  A komodo dragon (D:11)
  An unseen horror (D:11)
  A wraith (D:10)
  7 yaks
  A vampire mosquito (D:12)
  A black bear (D:8)
  A boggart (D:13)
  5 centaurs
  A wight (D:9)
  An orc priest (D:10)
  3 orc wizards
  5 orcs
  A kobold (D:13)
36 creatures vanquished.

Vanquished Creatures (others)
  5 battlemagi
  3 ancestors
  7 fungi (D:6)
  5 plants (D:9)
20 creatures vanquished.

Grand Total: 326 creatures vanquished

Notes
Turn   | Place    | Note
-------+----------+-------------------------------------------
     0 | D:1      | purpskrrrp the Troll Fighter began the quest for the Orb.
     0 | D:1      | Reached XP level 1. HP: 22/22 MP: 0/0
   832 | D:2      | Reached XP level 2. HP: 29/29 MP: 1/1
   876 | D:2      | You fall into a shaft and drop 2 floors!
   899 | D:4      | Reached skill level 3 in Unarmed Combat
   899 | D:4      | Reached XP level 3. HP: 33/36 MP: 2/2
   907 | D:4      | Reached skill level 4 in Unarmed Combat
   942 | D:4      | Reached XP level 4. HP: 36/44 MP: 3/3
   969 | D:4      | Found a bloodstained altar of Trog.
  1009 | D:4      | Reached skill level 5 in Unarmed Combat
  1100 | D:4      | Noticed a scorpion
  1113 | D:4      | Killed a scorpion
  1114 | D:4      | Reached XP level 5. HP: 50/50 MP: 4/4
  1126 | D:4      | Found a hide-covered altar of Uskayaw.
  1182 | D:4      | Reached skill level 6 in Unarmed Combat
  1481 | D:3      | Reached XP level 6. HP: 59/59 MP: 5/5
  1640 | D:3      | Noticed Ijyb
  1652 | D:3      | Killed Ijyb
  1897 | D:3      | Reached skill level 7 in Unarmed Combat
  2107 | D:3      | Found a runed translucent door.
  2108 | D:3      | Noticed Crazy Yiuf
  2236 | D:3      | Killed Crazy Yiuf
  2334 | D:3      | Identified a scroll of acquirement
  2334 | D:3      | Acquired a manual of Invocations
  2459 | D:2      | Found a shimmering blue altar of Sif Muna.
  3212 | D:5      | Entered Level 5 of the Dungeon
  3223 | D:5      | Noticed a steam dragon
  3232 | D:5      | Killed a steam dragon
  3233 | D:5      | Reached skill level 8 in Unarmed Combat
  3233 | D:5      | Reached XP level 7. HP: 55/66 MP: 6/6
  3325 | D:5      | Found Zuus's Magic Scroll Shoppe.
  3334 | D:5      | Bought a scroll of enchant armour for 97 gold pieces
  3444 | D:5      | Noticed Menkaure
  3447 | D:5      | Killed Menkaure
  3589 | D:5      | Reached skill level 9 in Unarmed Combat
  3945 | D:6      | Reached XP level 8. HP: 74/74 MP: 7/7
  3991 | D:6      | Found a staircase to the Ecumenical Temple.
  4032 | D:6      | Reached skill level 10 in Unarmed Combat
  4230 | D:6      | Found a white marble altar of Elyvilon.
  4237 | D:6      | Found a sacrificial altar of Ru.
  4242 | D:6      | Found a shimmering altar of Xom.
  4450 | D:6      | Noticed Prince Ribbit
  4456 | D:6      | Killed Prince Ribbit
  4457 | D:6      | Reached skill level 11 in Unarmed Combat
  4479 | D:6      | Noticed Sigmund
  4488 | D:6      | Killed Sigmund
  4729 | Temple   | Entered the Ecumenical Temple
  4809 | Temple   | Became a worshipper of Hepliaklqana the Forgotten
  4910 | D:7      | Reached skill level 12 in Unarmed Combat
  4910 | D:7      | Reached XP level 9. HP: 80/80 MP: 8/8
  4921 | D:7      | Noticed Joseph
  4928 | D:7      | Killed Joseph
  5001 | D:7      | Found a burning altar of Makhleb.
  5001 | D:7      | Found a glowing silver altar of Zin.
  5002 | D:7      | Noticed an angel
  5002 | D:7      | Noticed a green death
  5184 | D:7      | Reached skill level 13 in Unarmed Combat
  5342 | D:7      | Found Luqyomua's Weapon Boutique.
  5529 | D:8      | Identified the +1 dagger of Ygaokot {venom, rPois Dex+3
                  | Stlth+}
  5558 | D:8      | Reached * piety under Hepliaklqana
  5637 | D:8      | Reached skill level 14 in Unarmed Combat
  6185 | D:9      | Reached XP level 10. HP: 71/79 MP: 9/9
  6255 | D:9      | Reached skill level 15 in Unarmed Combat
  6357 | D:9      | Found a staircase to the Lair.
  6384 | D:9      | Noticed a cyclops
  6390 | D:9      | Killed a cyclops
  6448 | D:9      | Reached skill level 16 in Unarmed Combat
  6564 | D:9      | Noticed a centaur warrior
  6576 | D:9      | Killed a centaur warrior
  6577 | D:9      | Reached XP level 11. HP: 73/84 MP: 10/10
  7660 | D:10     | Entered Level 10 of the Dungeon
  7672 | D:10     | Reached ** piety under Hepliaklqana
  7673 | D:10     | Remembered your ancestor Mbali as a battlemage
  7928 | D:10     | Reached skill level 17 in Unarmed Combat
  8113 | D:10     | Found a staircase to the Orcish Mines.
  8263 | D:10     | Noticed a two-headed ogre
  8268 | D:10     | Killed a two-headed ogre
  8975 | D:11     | Noticed Snorg
  8983 | D:11     | Killed Snorg
  8984 | D:11     | Reached skill level 18 in Unarmed Combat
  9162 | D:11     | Found Otinegh's Serpentskin Sales.
  9289 | D:11     | Reached *** piety under Hepliaklqana
  9460 | D:12     | Noticed a deep elf pyromancer
  9464 | D:12     | Killed a deep elf pyromancer
  9465 | D:12     | Reached skill level 19 in Unarmed Combat
  9471 | D:12     | Reached XP level 12. HP: 85/93 MP: 11/11
 10440 | D:13     | Noticed Haenaira's ghost (journeyman DjCj)
 10494 | D:13     | Noticed Maurice
 10500 | D:13     | Killed Maurice
 10633 | D:13     | Noticed a tengu warrior
 10642 | D:13     | Killed a tengu warrior
 10670 | D:13     | Noticed a centaur warrior
 10673 | D:13     | Killed a centaur warrior
 10674 | D:13     | Reached skill level 20 in Unarmed Combat
 10688 | D:13     | Noticed a centaur warrior
 10696 | D:13     | Killed a centaur warrior
 10848 | D:13     | Noticed a boulder beetle
 10869 | D:13     | Killed a boulder beetle
 10959 | D:13     | Noticed a centaur warrior
 10967 | D:13     | Noticed Nessos
 11047 | D:13     | Killed Nessos
 11175 | D:13     | Killed a centaur warrior
 11185 | D:13     | Reached skill level 21 in Unarmed Combat
 11278 | D:13     | Found a gate to the Vaults.
 11325 | D:13     | Reached **** piety under Hepliaklqana
 11333 | D:13     | Found a runed translucent door.
 11466 | D:13     | Noticed a boulder beetle
 11475 | D:13     | Killed a boulder beetle
 11519 | D:13     | Killed Haenaira's ghost
 11520 | D:13     | Reached XP level 13. HP: 52/99 MP: 12/12
 11613 | D:14     | HP: 4/99 [cyan ugly thing (12)]
 11614 | D:14     | Mangled by a fire elemental

Illustrated notes

Levels and vault maps discovered:
D:1:      nzn_arrival_crosshair, layout_basic, kennysheep_doodads,
          dreamdust_mushroom_princess, minmay_misc_feat_x
D:2:      layout_loops_corners, basic_altar, st_stairs_14, minmay_lizard_pond
D:3:      layout_basic, roderic_batcave, nicolae_figureground_sparkle,
          uniq_ijyb, uniq_crazy_yiuf_cottage
D:4:      layout_cave_pools, trog_butcher_becter,
          nicolae_uskayaw_murder_on_the_dancefloor
D:5:      layout_loops_ring, serial_shops, nicolae_shop_crystal, uniq_menkaure
D:6:      layout_rooms, grunt_temple_overflow_diamond, temple_hall_moat,
          serial_aquarium, aquarium_bridge_square [aquarium_subvault_wall,
          aquarium_subvault_bridge, aquarium_subvault_wall,
          aquarium_subvault_balcony], aquarium_window_corridor_3,
          aquarium_window_fake, aquarium_window_1, aquarium_view_2e,
          uniq_sigmund, uniq_prince_ribbit1
D:7:      layout_loops_ring, grunt_temple_overflow_order_and_chaos_2,
          serial_shops, shop, uniq_joseph
D:8:      layout_basic
D:9:      cheibrodos_two_vegetables, layout_basic, lair_entry_dummy
D:10:     layout_stronghold, erik_orc_3
D:11:     layout_roguey, minmay_misc_feat_hallway, guppyfry_shop_venom,
          uniq_snorg
D:12:     layout_basic
D:13:     layout_loops_ring, hangedman_vaults_entry_quadrant_bands,
          hellmonk_ghost_happy_afterlife, roderic_lattice_a, uniq_nessos,
          uniq_maurice
D:14:     layout_cross, infiniplex_staircase_star, hangedman_decor_growths,
          amcnicky_mini_corridor_feature, minivault_4,
          nicolae_sif_muna_little_library
Temple:   hellmonk_temple_of_storms

Skill      XL: |  1  2  3  4  5  6  7  8  9 10 11 12 |
---------------+-------------------------------------+-----
Unarmed Combat | 3 4 5 6 8 9 12 14 16 19 21 | 21.6
Fighting       | |  2.4
Dodging        | |  2.4
Shields        | |  2.6

Action                   |  1- 3 |  4- 6 |  7- 9 | 10-12 | 13-15 || total
-------------------------+-------+-------+-------+-------+-------++-------
Melee: Unarmed           |    54 |   210 |   232 |   358 |    37 ||   891
Throw: Throwing net      |       |       |       |     1 |       ||     1
       Large rock        |       |       |       |    11 |       ||    11
Invok: Ancestor Identity |       |       |       |     1 |       ||     1
       Ancestor Life: Ba |       |       |       |     1 |       ||     1
Evoke: Wand              |       |       |       |    18 |       ||    18
  Use: Scroll            |       |    14 |     7 |     7 |     3 ||    31
       Potion            |       |       |       |     3 |       ||     3
 Stab: Sleeping          |       |     1 |       |       |       ||     1
       Distracted        |       |       |       |     2 |       ||     2
Armor: Robe              |    27 |    92 |   111 |    37 |       ||   267
       Steam dragon scal |       |       |       |    29 |       ||    29
       Troll leather arm |       |       |       |    65 |    42 ||   107
Dodge: Dodged            |    23 |    86 |    78 |    91 |    37 ||   315
Block: Kite shield       |    24 |    97 |    73 |   107 |    31 ||   332

Table legend: (Time is in decaauts)
 A = Elapsed time spent in this place.
 B = Non-inter-level travel time spent in this place.
 C = Inter-level travel time spent in this place.
 D = Time resting spent in this place.
 E = Time spent auto-exploring this place.
 F = Levels seen in this place.
 G = Mean time per level.
                   A        B        C        D        E       F      G
               +--------+--------+--------+--------+--------+-----+--------+
         Total |  11583 |  10612 |    971 |    581 |   7963 |  15 |  772.2 |
       Dungeon |  11482 |  10575 |    907 |    581 |   7941 |  14 |  820.1 |
        Temple |    100 |     36 |     64 |      0 |     22 |   1 |  100.0 |
               +--------+--------+--------+--------+--------+-----+--------+

Top non-repeatable levels by time:
     D:9: 1573 daAuts
    D:13: 1092 daAuts
    D:10: 1040 daAuts
     D:3: 975 daAuts
    D:12: 971 daAuts
     D:2: 847 daAuts
     D:6: 832 daAuts
     D:1: 812 daAuts
    D:11: 744 daAuts
     D:5: 701 daAuts
     D:7: 666 daAuts
     D:8: 601 daAuts
     D:4: 586 daAuts
  Temple: 100 daAuts
    D:14: 36 daAuts
